 Dungeon Crawl Stone Soup version 0.21-a0-128-gf2b353c (webtiles) character file.

21737 Charly the Fighter (level 12, 9/132 HPs)
             Began as an Ogre Transmuter on July 16, 2017.
             Was an Elder of Cheibriados.
             Quit the game on level 6 of the Lair of Beasts.
             The game lasted 00:59:58 (4557 turns).

Charly the Fighter (Ogre Transmuter)                Turns: 4557, Time: 00:59:58

Health: 9/132      AC:  6    Str: 27    XL:     12   Next: 93%
Magic:  22/22      EV: 20    Int: 28    God:    Cheibriados [****..]
Gold:   286        SH:  0    Dex: 19    Spells: 5/25 levels left

rFire    . . .     SeeInvis .     - Unarmed
rCold    . . .     Gourm    .   (shield currently unavailable)
rNeg     . . .     Faith    +   (armour currently unavailable)
rPois    .         Spirit   .   (helmet currently unavailable)
rElec    .         Reflect  .   (cloak currently unavailable)
rCorr    .         Harm     .   (gloves unavailable)
MR       +....                  (boots unavailable)
Stlth    ++........             t - amulet of faith
HPRegen  0.32/turn              (ring currently unavailable)
MPRegen  0.18/turn              (ring currently unavailable)

@: mildly poisoned (9 -> 7), icy armour, pig-form, berserk cooldown, slowed,
very slow
A: unfitting armour
a: Bend Time, Temporal Distortion, Slouch, Renounce Religion


You were on level 6 of the Lair of Beasts.
You worshipped Cheibriados.
Cheibriados was greatly pleased with you.
You were not hungry.
You were a filthy swine.
You visited 3 branches of the dungeon, and saw 17 of its levels.
You also visited: Labyrinth.

You collected 286 gold pieces.

Inventory:

Missiles
 a - 268 arrows
 y - a throwing net (quivered)
Armour
 b - a +0 robe (melded)
 e - a +1 shield
 L - the +2 robe of Vines {NoPotionHeal Regen+7}
   (You found it on level 6 of the Lair of Beasts)

   It increases your rate of regeneration.
Magical Staves
 c - an uncursed staff of cold (melded)
 E - an uncursed staff of earth
Jewellery
 f - an uncursed ring of fire
 l - a +6 ring of dexterity (melded)
 n - an uncursed ring of positive energy
 p - an uncursed ring of poison resistance
 t - an amulet of faith (around neck)
 z - a +3 ring of slaying (melded)
 C - an uncursed ring of resist corrosion
 H - a cursed amulet of inaccuracy {unknown}
Wands
 A - a wand of acid (3/15)
 D - a wand of digging (22/24)
 J - a wand of digging (15/24)
Scrolls
 h - 6 scrolls of remove curse
 q - a scroll of amnesia
 r - 2 scrolls of magic mapping
 I - a scroll of recharging
 M - 2 scrolls of enchant armour
Potions
 g - 4 potions of brilliance
 j - a potion of resistance
 m - a potion of might
 o - 4 potions of mutation
 s - a potion of agility
 u - a potion of lignification
 w - 3 potions of flight
 B - a potion of heal wounds {unknown}
 F - a potion of cancellation {unknown}
Books
 G - the Collected Works on Good Luck
   (You found it in a labyrinth)

   Spells                             Type                      Level
   a - Infusion                       Charms                       1
   b - Song of Slaying                Charms                       2
   c - Ozocubu's Armour               Charms/Ice                   3
   d - Regeneration                   Charms/Necromancy            3
   e - Spectral Weapon                Hexes/Charms                 3
   f - Excruciating Wounds            Charms/Necromancy            5
   g - Iskenderun's Battlesphere      Conjuration/Charms           5
Comestibles
 d - 8 bread rations
 k - 2 meat rations


   Skills:
 - Level 12.0 Fighting
 - Level 7.0 Dodging
 + Level 11.8 Unarmed Combat
 - Level 7.0 Spellcasting
 - Level 2.0 Charms
 - Level 2.0 Necromancy
 - Level 8.1 Transmutations
 - Level 2.1 Ice Magic
   Level 1.5 Poison Magic
 - Level 4.2 Invocations


You had 5 spell levels left.
You knew the following spells:

 Your Spells              Type           Power        Failure   Level  Hunger
a - Apportation           Tloc           #.....       5%          1    None
c - Confusing Touch       Hex            #.....       5%          1    None
h - Blade Hands           Tmut           ######....   5%          5    #####..
o - Ozocubu's Armour      Chrm/Ice       ###.....     7%          3    None
r - Regeneration          Chrm/Necr      ###.......   7%          3    None
s - Sticks to Snakes      Tmut           ######..     1%          2    None
A - Animate Skeleton      Necr           N/A          2%          1    None
I - Ice Form              Ice/Tmut       #####...     6%          4    ##.....


Dungeon Overview and Level Annotations

Branches:
Dungeon (10/15)            Temple (1/1) D:7            Lair (6/6) D:10
  Swamp (0/4) Lair:3       Spider (0/4) Lair:4        Slime (0/5) Lair:6
    Orc: D:9-12

Altars:
Cheibriados
Dithmenos
Elyvilon
Gozag
Hepliaklqana
Kikubaaqudgha
Nemelex Xobeh
Qazlal
Sif Muna
Trog
Uskayaw
Vehumet
Wu Jian
Xom
Yredelemnul
The Shining One
Jiyva

Shops:
D:4 [   D:6 [

Annotations:
Lair:6 Kirke


Innate Abilities, Weirdness & Mutations

You are too large for most types of armour.
((You have tough skin. (AC +1)))


Message History

You feel sick. The death yak gores your spiny frog!!
Your spiny frog dies!
Your spiny frog's corpse dissolves into shadows!
Your magical contamination has completely faded away.
A yak comes into view.
You feel a strong urge to attack something. 2 yaks come into view.
You feel sick.
The yak bellows! x2
The spiny frog misses you.
A yak comes into view.
You see here a potion of might.
Unknown command.
You are no longer berserk.
You pass out from exhaustion.
You feel yourself slow down.
You feel sick.
The yak bellows!
You can move again.
Enter note: FUCK YOU Are you sure you want to abandon this character and quit the game? (Confirm with "yes".)

......#.#....$.#
......##.##....#
.............###
.............#
<............#
.............#
##....†.....#
#.......Y...##
#.....Y.Yh...#
.......YFY....#
............###
..........Y.#
..P....P....#
.....#Y#..Y.#
##....###Y..P
#.... ....#
.....# ..... ..
....##


You could see 5 death yaks, 4 yaks and a spiny frog.

Vanquished Creatures
  The ghost of 4thArraOfDagon the Devastator, a journeyman OpCj of Nemelex Xobeh (Lair:6)
  A hydra (Lair:4)
  4 two-headed ogres
  Urug (Lair:2)
  Pikel (D:9)
  A manticore (D:10)
  A black mamba (Lair:2)
  9 spiny frogs
  The ghost of Ezendos the Slasher, a novice HuWn of Okawaru (D:5)
  A komodo dragon (D:10)
  2 jumping spiders (Lair:4)
  2 polar bears
  A troll (D:9)
  A tyrant leech (Lair:6)
  9 blink frogs
  4 redbacks (Lair:4)
  A spriggan (D:9)
  A wyvern (D:8)
  12 yaks
  4 hogs (Lair:6)
  4 vampire mosquitoes (Lair:6)
  2 hungry ghosts
  4 swamp worms (Lair:3)
  A soldier ant (D:10)
  5 water moccasins
  3 porcupines
  An orc warrior (D:9)
  A sky beast (D:7)
  A slave (D:9)
  3 ogres
  2 phantoms
  A wolf (Lair:2)
  4 centaurs
  5 crocodiles
  A big kobold (D:9)
  14 bullfrogs
  2 scorpions (D:9)
  3 wights (D:9)
  8 howler monkeys
  2 electric eels
  3 jellies
  3 orc wizards
  A bullfrog skeleton (D:10)
  A gnoll shaman (D:5)
  3 orc priests
  2 iguanas
  4 worker ants
  A hound zombie (D:6)
  11 gnolls
  2 adders
  A worm (D:4)
  An adder skeleton (D:5)
  A dart slug (D:2)
  2 leopard geckos
  17 orcs
  A giant cockroach (D:5)
  2 goblins (D:2)
  3 hobgoblins (D:1)
  4 jackals
  5 kobolds
  2 quokkas
  A ball python (D:1)
  2 frilled lizards (D:1)
  A rat (D:1)
  2 plants
201 creatures vanquished.

Vanquished Creatures (collateral kills)
  A death yak (Lair:6)
  2 spiny frogs (Lair:6)
  A blink frog (Lair:6)
  2 tyrant leeches (Lair:6)
  2 hogs (Lair:6)
  An adder (D:4)
  4 plants (Lair:6)
13 creatures vanquished.

Vanquished Creatures (others)
  3 slaves (D:9)
  2 kobolds (D:9)
  A bush (Lair:6)
  13 fungi (Lair:6)
  27 plants (Lair:6)
46 creatures vanquished.

Grand Total: 260 creatures vanquished

Notes
Turn   | Place    | Note
-------+----------+-------------------------------------------
     0 | D:1      | Charly the Ogre Transmuter began the quest for the Orb.
     0 | D:1      | Reached XP level 1. HP: 19/19 MP: 3/3
   107 | D:1      | Reached XP level 2. HP: 25/27 MP: 3/5
   111 | D:1      | Learned a level 2 spell: Sticks to Snakes
   403 | D:5      | Entered Level 5 of the Dungeon
   479 | D:4      | Noticed an ogre
   547 | D:4      | Reached XP level 3. HP: 23/33 MP: 3/6
   552 | D:4      | Learned a level 3 spell: Spider Form
   561 | D:4      | Reached skill level 1 in Poison Magic
   567 | D:4      | Found Voniq's Armour Emporium.
   704 | D:4      | Killed an ogre
   704 | D:4      | Reached XP level 4. HP: 41/41 MP: 4/7
   704 | D:4      | Reached XP level 5. HP: 48/48 MP: 4/8
   750 | D:5      | Noticed a phantom
   779 | D:5      | Killed a phantom
   779 | D:5      | Reached skill level 2 in Fighting
   824 | D:5      | Reached XP level 6. HP: 32/59 MP: 2/9
   832 | D:6      | Noticed a phantom
   833 | D:6      | Found a bloodstained altar of Trog.
   858 | D:6      | Reached skill level 3 in Fighting
   884 | D:6      | Found Oriet's Antique Armour Shoppe.
  1019 | D:5      | rP
  1197 | D:4      | Reached skill level 4 in Fighting
  1273 | D:5      | Noticed Ezendos's ghost (novice HuWn)
  1299 | D:5      | Killed Ezendos's ghost
  1299 | D:5      | Reached skill level 5 in Fighting
  1299 | D:5      | Reached skill level 5 in Unarmed Combat
  1299 | D:5      | Reached XP level 7. HP: 11/74 MP: 2/10
  1454 | D:5      | Reached skill level 6 in Fighting
  1501 | D:6      | HP: 2/75 [gnoll/spear (4)]
  1645 | D:6      | Reached XP level 8. HP: 23/83 MP: 4/11
  1807 | D:7      | Learned a level 1 spell: Animate Skeleton
  1809 | D:7      | Learned a level 1 spell: Apportation
  1811 | D:7      | Learned a level 1 spell: Confusing Touch
  1877 | D:7      | +6dex
  1956 | D:8      | Reached skill level 7 in Fighting
  2119 | D:7      | Found a staircase to the Ecumenical Temple.
  2137 | Temple   | Entered the Ecumenical Temple
  2212 | Temple   | Became a worshipper of Cheibriados the Contemplative
  2249 | D:8      | Noticed a two-headed ogre
  2255 | D:8      | Killed a two-headed ogre
  2255 | D:8      | Reached XP level 9. HP: 80/93 MP: 7/12
  2303 | D:8      | Found an ancient bone altar of Kikubaaqudgha.
  2356 | D:8      | Noticed a two-headed ogre
  2362 | D:8      | Killed a two-headed ogre
  2362 | D:8      | Reached skill level 10 in Unarmed Combat
  2440 | D:9      | Noticed a six-headed hydra
  2444 | D:9      | LAIR D9
  2450 | D:9      | Reached * piety under Cheibriados
  2454 | D:9      | Reached XP level 10. HP: 75/104 MP: 9/13
  2463 | D:9      | Reached skill level 8 in Fighting
  2507 | D:9      | Noticed Pikel
  2517 | D:9      | Killed Pikel
  2551 | D:9      | Reached skill level 9 in Fighting
  2567 | D:9      | Reached skill level 5 in Dodging
  2667 | D:9      | Reached ** piety under Cheibriados
  2667 | D:9      | Reached skill level 10 in Fighting
  2732 | D:10     | Entered Level 10 of the Dungeon
  2732 | D:10     | Noticed a manticore
  2812 | D:9      | Found a shimmering altar of Xom.
  2886 | D:9      | Learned a level 5 spell: Blade Hands
  2935 | D:10     | Noticed a two-headed ogre
  3126 | D:10     | Noticed a two-headed ogre
  3134 | D:10     | Killed a two-headed ogre
  3205 | D:10     | Killed a two-headed ogre
  3205 | D:10     | Reached skill level 5 in Spellcasting
  3205 | D:10     | Reached skill level 5 in Transmutations
  3205 | D:10     | Reached XP level 11. HP: 53/117 MP: 6/18
  3300 | D:10     | Learned a level 4 spell: Ice Form
  3353 | D:10     | Killed a manticore
  3366 | D:10     | Found a staircase to the Lair.
  3384 | Lair:1   | Entered Level 1 of the Lair of Beasts
  3493 | Lair:2   | Reached *** piety under Cheibriados
  3528 | Lair:2   | Noticed Urug
  3543 | Lair:2   | Killed Urug
  3638 | Lair:2   | Found a labyrinth entrance.
  3647 | Lab      | Entered a labyrinth
  3788 | Lab      | Noticed a minotaur
  3811 | Lab      | Identified the Collected Works on Good Luck
  3827 | Lair:2   | Learned a level 3 spell: Regeneration
  3854 | Lair:3   | Reached skill level 1 in Ice Magic
  3859 | Lair:3   | Reached skill level 1 in Charms
  3859 | Lair:3   | Reached skill level 1 in Necromancy
  3955 | Lair:5   | Noticed an eight-headed hydra
  3955 | Lair:5   | Noticed a six-headed hydra
  3961 | Lair:4   | Noticed a six-headed hydra
  3971 | Lair:4   | Killed a six-headed hydra
  3976 | Lair:4   | Reached **** piety under Cheibriados
  4117 | Lair:4   | Reached XP level 12. HP: 83/126 MP: 20/22
  4119 | Lair:4   | Found a hole to the Spider Nest.
  4143 | Lair:4   | Learned a level 3 spell: Ozocubu's Armour
  4155 | Lair:4   | Reached skill level 1 in Invocations
  4287 | Lair:3   | Found a staircase to the Swamp.
  4378 | Lair:6   | Entered Level 6 of the Lair of Beasts
  4392 | Lair:6   | Found a staircase to the Slime Pits.
  4392 | Lair:6   | Found a viscous altar of Jiyva.
  4409 | Lair:6   | Reached ***** piety under Cheibriados
  4451 | Lair:6   | Noticed 4thArraOfDagon's ghost (journeyman OpCj)
  4459 | Lair:6   | Killed 4thArraOfDagon's ghost
  4459 | Lair:6   | Reached skill level 11 in Fighting
  4527 | Lair:6   | Noticed Kirke
  4528 | Lair:6   | Reached skill level 12 in Fighting
  4542 | Lair:6   | Noticed a death yak
  4543 | Lair:6   | Noticed a death yak
  4545 | Lair:6   | Noticed a death yak
  4545 | Lair:6   | Noticed a death yak
  4546 | Lair:6   | Noticed a death yak
  4546 | Lair:6   | Noticed a death yak
  4551 | Lair:6   | Killed a death yak
  4557 | Lair:6   | FUCK YOU
  4557 | Lair:6   | Quit the game

Vault maps used:
D:1:      dpeg_arrival_castle
D:2:      first_bread, kennysheep_jessica_study
D:3:      kennysheep_six_static_rooms
D:4:      serial_shops, shop
D:5:      kennysheep_generic_room_15, uniq_menkaure
D:6:      nicolae_overflow_hidden_temple, serial_shops, kennysheep_mini,
          serial_glass, glass_columns_a, glass_columns_b, glass_columns_c,
          glass_columns_a, due_unseen_surprise
D:7:      temple_fountains
D:8:      lemuel_crystal_altar, kennysheep_mini_moat
D:9:      overflow_temple_1_default, the_bakery, minmay_misc_feat_encased,
          uniq_psyche, uniq_pikel
D:10:     david_lair_shrubbed, serial_shops, nicolae_shop_overgrown_old_shop,
          serial_bayou_lake_a
Temple:   hc_temple_tempest_star
Lair:1:   grunt_forest_large_clearing_hut
Lair:2:   lab_entry_generic, beast_lair_carwin_1, uniq_urug
Lair:3:   nicolae_swamp_entry_splash_gauntlet, lemuel_fruit_tree
Lair:4:   nicolae_spider_entry_tight_spaces, lemuel_fruit_fields,
          infiniplex_staircase_pool
Lair:5:   serial_bayou_lagoon_b, grunt_megastairs_4, minmay_lair_oklob_chamber,
          infiniplex_staircase_pool_2
Lair:6:   minmay_lair_end_frog_pond, slime_altar_1, uniq_kirke, uniq_nessos
Lab:      nicolae_lab_dead_adventurers

Skill      XL: |  1  2  3  4  5  6  7  8  9 10 11 12 |
---------------+-------------------------------------+-----
Unarmed Combat | 3 4 5 9 10 11 | 11.8
Poison Magic   | 1 |  1.5
Transmutations | 3 5 8 |  8.1
Fighting       | 2 5 6 7 10 12 | 12.0
Dodging        | 2 3 6 7 |  7.0
Spellcasting   | 5 7 |  7.0
Ice Magic      | 2 |  2.1
Charms         | 2 |  2.0
Necromancy     | 2 |  2.0
Invocations    | 4 |  4.2

Action                   |  1- 3 |  4- 6 |  7- 9 | 10-12 || total
-------------------------+-------+-------+-------+-------++-------
Melee: Unarmed           |    54 |    74 |   139 |   310 ||   577
       Kick              |     3 |       |       |       ||     3
       Punch             |       |       |       |     7 ||     7
Throw: Throwing net      |       |       |       |     1 ||     1
 Cast: Beastly Appendage |     6 |       |       |       ||     6
       Sticks to Snakes  |     3 |     3 |     1 |       ||     7
       Spider Form       |     2 |     7 |    24 |    15 ||    48
       Blade Hands       |       |       |       |    14 ||    14
       Animate Skeleton  |       |       |       |    10 ||    10
       Regeneration      |       |       |       |     7 ||     7
       Ice Form          |       |       |       |     7 ||     7
       Ozocubu's Armour  |       |       |       |     7 ||     7
Invok: Slouch            |       |       |       |     3 ||     3
       Temporal Distorti |       |       |       |     1 ||     1
 Abil: End Transformatio |       |       |     1 |     2 ||     3
Evoke: Wand              |       |       |     9 |     9 ||    18
  Use: Scroll            |     3 |     2 |    13 |    16 ||    34
       Potion            |       |       |     2 |     6 ||     8
 Stab: Distracted        |       |     1 |       |       ||     1
       Sleeping          |       |       |     4 |     1 ||     5
       Held in net/web   |       |       |       |     1 ||     1
  Eat: Chunk             |       |     3 |     1 |    10 ||    14
       Royal jelly       |       |       |     2 |       ||     2
       Meat ration       |       |       |     1 |       ||     1
Armor: Robe              |    14 |     2 |     1 |     7 ||    24
       Skin              |       |     1 |     4 |    16 ||    21
Dodge: Dodged            |    35 |    35 |    98 |   198 ||   366
